 Dungeon Crawl Stone Soup version 0.28.0 (webtiles) character file.

Game seed: 3568955542825960759

4300 browni3141 the Skirmisher (level 10, -1/96 HPs)
             Began as a Gargoyle Berserker on Feb 16, 2022.
             Was an Elder of Trog.
             Slain by a 13-headed hydra (13 damage)
             ... on level 8 of the Dungeon.
             The game lasted 00:05:08 (7472 turns).

browni3141 the Skirmisher (Gargoyle Berserker)      Turns: 7472, Time: 00:05:09

Health: -1/96      AC: 15    Str: 27    XL:     10   Next: 32%
Magic:  10/10      EV: 14    Int: 11    God:    Trog [****..]
Gold:   217        SH:  0    Dex: 13    Spells: 9/9 levels left

rFire   . . .      SeeInvis .   A - +6 war axe of Siyr Tow {vorpal, rN+ Int+3}
rCold   . . .      Faith    .   (no shield)
rNeg    + + .      Spirit   .   l - +0 troll leather armour {Pargi}
rPois   ∞          Reflect  .   q - +0 helmet
rElec   +          Harm     .   (no cloak)
rCorr   .          Rampage  .   (no gloves)
Will    .....                   s - +0 pair of boots
Stlth   ..........              (no amulet)
HPRegen 1.06/turn               f - +6 ring of strength
MPRegen 0.12/turn               (no ring)

@: berserking, very quick
A: sickness immunity, AC +7, negative energy resistance 1, electricity
resistance, torment resistance 1, petrification resistance
a: Renounce Religion, Berserk, Trog's Hand, Brothers in Arms


You were on level 8 of the Dungeon.
You worshipped Trog.
Trog was greatly pleased with you.
You visited 1 branch of the dungeon, and saw 8 of its levels.
You also visited: Sewer.

You collected 480 gold pieces.
You spent 263 gold pieces at shops.

Inventory:

Hand Weapons
 a - a +0 hand axe
 A - the +6 war axe of Siyr Tow (weapon) {vorpal, rN+ Int+3}
   (You bought it in a shop on level 5 of the Dungeon)

   It inflicts extra damage upon your enemies.
   Int:       It affects your intelligence (+3).
   rN:        It protects you from negative energy.
Missiles
 v - 6 curare-tipped darts (quivered)
Armour
 b - a +0 animal skin
 l - a +0 troll leather armour (worn) {Pargi}
 q - a +0 helmet (worn)
 s - a +0 pair of boots (worn)
Jewellery
 f - a +6 ring of strength (left hand)
Wands
 m - a wand of iceblast (10)
 x - a wand of flame (12)
 D - a wand of acid (9)
Scrolls
 c - 2 scrolls of vulnerability {unknown}
 d - 8 scrolls of identify {unknown}
 g - a scroll of holy word {unknown}
 i - 5 scrolls of teleportation {unknown}
 n - 2 scrolls of fog {unknown}
 p - 4 scrolls of enchant weapon {unknown}
 r - 2 scrolls of fear {unknown}
 w - a scroll of brand weapon {unknown}
 y - a scroll of magic mapping {unknown}
 B - a scroll of amnesia {unknown}
 C - a scroll of immolation {unknown}
 F - 2 scrolls of acquirement {unknown}
Potions
 e - 5 potions of heal wounds {unknown}
 h - a potion of attraction {unknown}
 j - 7 potions of curing {unknown}
 k - a potion of lignification {unknown}
 o - 3 potions of brilliance {unknown}
 t - 3 potions of might {unknown}
 u - a potion of haste {unknown}
 z - 4 potions of ambrosia {unknown}
 E - 2 potions of cancellation {unknown}


   Skills:
 + Level 7.9 Fighting
 + Level 6.6 Axes
 + Level 7.5 Armour
 + Level 5.7 Dodging
 + Level 7.7 Stealth


You had 9 spell levels left.
You didn't know any spells.
Your spell library was empty.

Dungeon Overview and Level Annotations

Branches:
Dungeon (8/15)             Temple (0/1) D:5           Sewer (visited)
   Lair: D:8-11

Altars:
Ashenzari

Shops:
D:3 *   D:5 *=(=:   D:6 (


Innate Abilities, Weirdness & Mutations

You are immune to sickness and miasma.
Your stone body is resilient. (AC +7)
You are immune to poison.
You resist negative energy. (rN+)
You are resistant to electric shocks. (rElec)
You are resistant to unholy torment.
You are immune to petrification.


Message History

The 11-headed hydra bites you.
The 11-headed hydra bites you but does no damage. x2
The 11-headed hydra bites you. The 11-headed hydra closely misses you.
The 11-headed hydra bites you but does no damage. x2
The 11-headed hydra barely misses you. The 11-headed hydra bites you!
* * * LOW HITPOINT WARNING * * *
The 11-headed hydra closely misses you.
You barely miss the 11-headed hydra. You punch the 11-headed hydra.
The 11-headed hydra is heavily wounded.
The 11-headed hydra misses you.
The 11-headed hydra bites you but does no damage.
The 11-headed hydra barely misses you.
The 11-headed hydra bites you but does no damage. x2
The 11-headed hydra completely misses you.
The 11-headed hydra bites you!
* * * LOW HITPOINT WARNING * * *
The 11-headed hydra bites you but does no damage.
The 11-headed hydra closely misses you. The 11-headed hydra misses you.
The 11-headed hydra bites you but does no damage.
You are too injured to fight recklessly!
You lop one of the 11-headed hydra's heads off!
The ten-headed hydra grows two more!
You slash the 12-headed hydra!
The 12-headed hydra is heavily wounded.
You are too injured to fight recklessly!
You chop one of the 12-headed hydra's heads off!
The 11-headed hydra grows two more!
You hit the 13-headed hydra.
The 13-headed hydra is heavily wounded.
The 13-headed hydra bites you!
* * * LOW HITPOINT WARNING * * *
The 13-headed hydra bites you.
* * * LOW HITPOINT WARNING * * *
The 13-headed hydra bites you but does no damage.
The 13-headed hydra bites you.
* * * LOW HITPOINT WARNING * * *
The 13-headed hydra misses you.
The 13-headed hydra bites you but does no damage.
The 13-headed hydra misses you. The 13-headed hydra barely misses you.
The 13-headed hydra bites you but does no damage.
The 13-headed hydra bites you!
You die...

#### #..####### ##
#..').#..#..#
#..#†.#..#..
#..###.##5# #...#.#†D#
##...###.@# #..#..#####
# #.##....####
########..#.......### #
..........##.....:..##
#
.........###.........##
## ##########
##.........# #. #
##......†.## ##
###....†..#


You could see a 13-headed hydra and a white imp.

Vanquished Creatures
  Joseph (D:8)
  Maurice (D:8)
  Sigmund (D:6)
  2 steam dragons
  Menkaure (D:6)
  Duvessa (D:7)
  2 water moccasins (D:5)
  Pargi (D:4)
  An ice beast (D:8)
  An orc warrior (D:7)
  A sky beast (D:5)
  A black bear (D:4)
  A necrophage (D:4)
  2 ogres
  4 phantoms
  A kobold brigand (Sewer)
  2 gnoll sergeants
  3 scorpions
  3 bullfrogs
  A wyvern skeleton (D:6)
  A wyvern zombie (D:8)
  Dowan (D:7)
  A water moccasin skeleton (D:7)
  4 killer bees (D:8)
  3 wights (D:7)
  3 centaur zombies
  An orc priest (D:6)
  A hound (D:5)
  A jelly (D:8)
  A bullfrog skeleton (D:5)
  Jessica (D:3)
  3 orc wizards (D:8)
  3 iguanas
  3 hound skeletons
  A howler monkey zombie (D:5)
  Robin (D:3)
  9 adders
  8 gnolls
  A howler monkey skeleton (D:5)
  2 shadow imps
  2 white imps
  An adder skeleton (D:4)
  3 worms
  5 dart slugs
  20 orcs
  6 bats
  7 endoplasms
  A giant cockroach (D:1)
  16 goblins
  7 hobgoblins
  6 jackals
  4 quokkas
  8 ball pythons
  2 frilled lizards
  7 kobolds
  7 rats
182 creatures vanquished.

Notes
Turn   | Place    | Note
-------+----------+-------------------------------------------
     0 | D:1      | browni3141 the Gargoyle Berserker began the quest for the
                  | Orb.
     0 | D:1      | Reached XP level 1. HP: 14/14 MP: 1/1
    41 | D:1      | Reached XP level 2. HP: 15/19 MP: 2/2
   443 | D:1      | Reached skill level 1 in Stealth
   691 | D:1      | Reached XP level 3. HP: 22/23 MP: 3/3
   981 | D:2      | Reached ** piety under Trog
  1421 | D:2      | Reached XP level 4. HP: 19/29 MP: 4/4
  2554 | D:3      | Found a faded altar of an unknown god.
  2560 | D:3      | Noticed Jessica
  2565 | D:3      | Killed Jessica
  2566 | D:3      | Reached XP level 5. HP: 29/33 MP: 5/5
  2677 | D:3      | Found Temesif's Assorted Antiques.
  2865 | D:3      | Noticed Robin
  2878 | D:3      | Killed Robin
  2883 | D:3      | You fall into a shaft and drop 1 floor!
  3056 | D:4      | Noticed Pargi
  3068 | D:4      | Killed Pargi
  3069 | D:4      | Reached XP level 6. HP: 39/39 MP: 6/6
  3261 | D:4      | Noticed a black bear
  3270 | D:4      | Killed a black bear
  3282 | D:4      | Reached XP level 7. HP: 44/44 MP: 7/7
  3496 | D:4      | Reached skill level 5 in Fighting
  4360 | D:5      | Entered Level 5 of the Dungeon
  4416 | D:5      | Found Koopnoaha's Book Boutique.
  4468 | D:5      | Reached XP level 8. HP: 46/49 MP: 8/8
  4475 | D:5      | Found a broken altar of Ashenzari.
  4584 | D:5      | Found Girchoac's Jewellery Shop.
  4603 | D:5      | Reached *** piety under Trog
  4604 | D:5      | Reached skill level 5 in Armour
  4604 | D:5      | Found Roqu Rea's General Store.
  4686 | D:5      | Found a staircase to the Ecumenical Temple.
  4727 | D:5      | Reached skill level 5 in Stealth
  4833 | D:5      | Found Puetaomp's Antique Weapon Emporium.
  4869 | D:5      | Found Weixe's Jewellery Boutique.
  4945 | D:5      | Reached skill level 5 in Axes
  5129 | D:6      | Found a glowing drain.
  5178 | Sewer    | Entered a sewer
  5377 | D:6      | Found Zukinerch's Weapon Boutique.
  5386 | D:6      | Noticed Menkaure
  5399 | D:6      | Killed Menkaure
  5400 | D:6      | Reached XP level 9. HP: 56/56 MP: 9/9
  5655 | D:6      | Noticed Sigmund
  5676 | D:6      | Killed Sigmund
  5955 | D:5      | Bought an ichor-stained war axe for 263 gold pieces
  5955 | D:5      | Identified the +6 war axe of Siyr Tow {vorpal, rN+ Int+3}
                  | (You bought it in a shop on level 5 of the Dungeon)
  6076 | D:7      | Noticed Duvessa
  6081 | D:7      | Noticed Dowan
  6083 | D:7      | Killed Dowan
  6086 | D:7      | Killed Duvessa
  6113 | D:7      | Reached skill level 5 in Dodging
  6892 | D:8      | Noticed Joseph
  6903 | D:8      | Killed Joseph
  6904 | D:8      | Reached XP level 10. HP: 63/63 MP: 10/10
  7075 | D:8      | Noticed Maurice
  7084 | D:8      | Killed Maurice
  7132 | D:8      | Reached **** piety under Trog
  7464 | D:8      | Noticed an eight-headed hydra
  7472 | D:8      | Slain by a 13-headed hydra

Illustrated notes

Levels and vault maps discovered:
D:1:      co_arrival_hall_of_pillars, layout_rooms
D:2:      layout_basic
D:3:      layout_basic, serial_shops, shop, chequers_ecumenical_altar_island,
          chequers_serial_rivers_micro_c, uniq_jessica, uniq_robin
D:4:      layout_rooms, roderic_serpentine_path, uniq_pargi
D:5:      layout_rooms, nicolae_ashenzari_skybound, temple_doors_cd,
          serial_shops, nicolae_shop_statue_plus, nicolae_shop_trees,
          nicolae_shop_overgrown_old_shop, nicolae_diamond_shop,
          minmay_shop_enchanted_jewellery, st_stairs_9
D:6:      layout_basic, cheibrodos_sewer_entry_drain, serial_shops,
          nicolae_shop_window_shopping, uniq_sigmund, uniq_menkaure
D:7:      layout_loops_ring, uniq_duvessa
D:8:      minmay_s_stair_smasher, layout_layer_cave, uniq_maurice, uniq_joseph

Skill      XL: |  1  2  3  4  5  6  7  8  9 |
---------------+----------------------------+-----
Stealth        | 1 2 3 4 5 7 |  7.7
Dodging        | 2 3 4 5 |  5.7
Axes           | 3 4 5 6 |  6.6
Armour         | 3 4 5 7 |  7.5
Fighting       | 4 5 6 7 |  7.9

Action                   |  1- 3 |  4- 6 |  7- 9 | 10-12 || total
-------------------------+-------+-------+-------+-------++-------
Melee: Hand axe          |   110 |   143 |   346 |       ||   599
       Punch             |     2 |     1 |     7 |     2 ||    12
       War axe           |       |       |    73 |    56 ||   129
Invok: Berserk           |       |     3 |     8 |     3 ||    14
       Trog's Hand       |       |       |     1 |       ||     1
 Stab: Sleeping          |     1 |     2 |     8 |       ||    11
Armor: Animal skin       |    52 |    39 |       |       ||    91
       Troll leather arm |       |    16 |   165 |    60 ||   241
Dodge: Dodged            |    85 |   112 |   244 |    83 ||   524
